 Dungeon Crawl Stone Soup version 0.29.0-13-gc9e81de378 (webtiles) character file.

Game seed: 9370732386381101800

35 ILmort the Conjurer (level 3, -6/26 HPs)
             Began as a Draconian Conjurer on Sept 10, 2022.
             Mangled by Sigmund
             ... wielding a +4 scythe of venom
              (7 damage)
             ... on level 2 of the Dungeon.
             The game lasted 00:03:09 (1651 turns).

ILmort the Conjurer (Draconian Conjurer)            Turns: 1651, Time: 00:03:10

Health: -6/26      AC: 12    Str:  9    XL:     3   Next: 17%
Magic:  1/6        EV: 12    Int: 20    God:
Gold:   51         SH:  0    Dex:  9    Spells: 5/6 levels left

rFire   . . .      SeeInvis .   f - +0 short sword (protect)
rCold   . . .      Faith    .   (no shield)
rNeg    . . .      Spirit   .   (body armour unavailable)
rPois   .          Reflect  .   (helmet restricted)
rElec   .          Harm     .   (no cloak)
rCorr   +          Rampage  .   (no gloves)
Will    .....                   (no boots)
Stlth   ++........              (no amulet)
HPRegen 0.08/turn               j - ring of resist corrosion
MPRegen 0.10/turn               (no ring)

@: lethally poisoned (-6 -> -15), under a protective aura
A: AC +5, unfitting armour, cold-blooded
a: no special abilities


You were on level 2 of the Dungeon.
You visited 1 branch of the dungeon, and saw 2 of its levels.

You collected 51 gold pieces.

Inventory:

Hand Weapons
 c - a +0 club
 d - a +0 dagger
 f - a +0 short sword of protection (weapon)
Jewellery
 j - a ring of resist corrosion (left hand)
Scrolls
 b - a scroll of teleportation {unknown}
 g - 2 scrolls of identify {unknown}
Potions
 a - a potion of magic
 e - a potion of degeneration {unknown}
 h - a potion of invisibility {unknown}
 i - a potion of haste {unknown}


   Skills:
 - Level 1.7 Dodging
 - Level 1.7 Stealth
 - Level 2.0 Spellcasting
 + Level 5.1 Conjurations


You had 5 spell levels left.
You knew the following spells:

 Your Spells              Type           Power      Damage    Failure   Level
a - Magic Dart            Conj           88%        1d7       1%          1

Your spell library contained the following spells:

 Spells                   Type           Power      Damage    Failure   Level
 Searing Ray              Conj           44%        2d6       3%          2
 Dazzling Flash           Conj/Hex       24%        N/A       17%         3
 Ensorcelled Hibernation  Hex/Ice        4%         N/A       24%         2
 Passwall                 Tmut/Erth      1%         N/A       24%         2
 Swiftness                Air            2%         N/A       43%         3
 Fulminant Prism          Conj/Hex       6%         3d7       50%         4
 Iskenderun's Mystic Bla  Conj/Tloc      12%        2d5       50%         4


Dungeon Overview and Level Annotations

Branches:
Dungeon (2/15)

Altars:

Annotations:
D:2 Sigmund


Innate Abilities, Weirdness & Mutations

Your plain brown scales are hard. (AC +5)
You cannot fit into any form of body armour.
You are cold-blooded and may be slowed by cold attacks.


Message History

Casting: Magic Dart (safe; 1% risk of failure)
Aiming: Magic Dart (safe; 1% risk of failure)
Aim: Sigmund, wielding a +4 scythe of venom and wearing a +0 robe (moderately wounded, 100% to hit)
The magic dart hits Sigmund.
Casting: Magic Dart (safe; 1% risk of failure)
Aiming: Magic Dart (safe; 1% risk of failure)
Aim: Sigmund, wielding a +4 scythe of venom and wearing a +0 robe (heavily wounded, 100% to hit)
The magic dart hits Sigmund.
Sigmund closely misses you.
Casting: Magic Dart (safe; 1% risk of failure)
Aiming: Magic Dart (safe; 1% risk of failure)
Aim: Sigmund, wielding a +4 scythe of venom and wearing a +0 robe (heavily wounded, 100% to hit)
The magic dart hits Sigmund.
Found a scroll labelled EVVIBE MUUB.
Sigmund drinks a potion.
Sigmund is healed!
There is an open door here.
You hit Sigmund.
Your weapon exudes an aura of protection.
Your tail-slap misses Sigmund.
Sigmund closely misses you.
You closely miss Sigmund.
Sigmund hits you with a +4 scythe of venom!
You are poisoned.
You barely miss Sigmund. You tail-slap Sigmund.
You feel very sick.
Sigmund hits you with a +4 scythe of venom.
You are lethally poisoned!
You completely miss Sigmund.
Your tail-slap misses Sigmund.
* * * LOW HITPOINT WARNING * * *
You feel very sick.
You hit Sigmund.
Your weapon exudes an aura of protection.
* * * LOW HITPOINT WARNING * * *
You feel very sick. Sigmund barely misses you.
Here: Sigmund, wielding a +4 scythe of venom and wearing a +0 robe (heavily wounded)
The floor, spattered with blood.
You closely miss Sigmund.
* * * LOW HITPOINT WARNING * * *
You feel sick.
Sigmund hits you with a +4 scythe of venom!
You die...

#...# #.# #...# #..
####### #...# #.#
#.....? #...# #.#
#...... #...# #.#
#...... #####...####..
#...... ..............
#......##########.######
+.....@@................
#......###..######.#####
#...... #..#...........
#...... #..#.###.....#.
#...... #..#.###.......
####### #..#...........
#..............
#.#####........ #.#
#........


You could see Sigmund.

Vanquished Creatures
  2 dart slugs (D:1)
  3 ball pythons (D:1)
  2 endoplasms (D:1)
  A giant cockroach (D:1)
  3 goblins (D:1)
  3 hobgoblins (D:1)
  A quokka (D:1)
  3 bats
  3 frilled lizards (D:1)
  7 kobolds
  2 rats
30 creatures vanquished.

Vanquished Creatures (others)
  A fungus (D:1)
1 creature vanquished.

Grand Total: 31 creatures vanquished

Notes
Turn   | Place    | Note
-------+----------+-------------------------------------------
     0 | D:1      | ILmort the Draconian Conjurer began the quest for the Orb.
     0 | D:1      | Reached XP level 1. HP: 14/14 MP: 3/3
   295 | D:1      | Reached XP level 2. HP: 20/20 MP: 1/5
   921 | D:1      | Found a faded altar of an unknown god.
   954 | D:1      | Reached skill level 5 in Conjurations
   988 | D:1      | Reached XP level 3. HP: 26/26 MP: 0/6
  1638 | D:2      | Noticed Sigmund
  1651 | D:2      | HP: 1/26 [poisoned by Sigmund]
  1651 | D:2      | Mangled by Sigmund

Illustrated notes

Levels and vault maps discovered:
D:1:      pf_arrival_petrified_forest, layout_loops_corners,
          dreamdust_ecumenical_altar_grove
D:2:      layout_basic, uniq_sigmund

Skill      XL: |  1  2 |
---------------+-------+-----
Conjurations   | 5 |  5.1
Dodging        | |  1.7
Stealth        | |  1.7
Spellcasting   | |  2.0

Action                   || total
-------------------------++-------
Melee: Tailslap          ||     7
       Unarmed           ||     1
       Dagger            ||    35
       Short sword       ||    26
       Punch             ||     2
 Cast: Magic Dart        ||    59
Armor: Skin              ||    20
Dodge: Dodged            ||    36
